 Dungeon Crawl Stone Soup version 0.24-a0-584-g9d6b971ae4 (webtiles) character file.

Game seed: 3541016661660715132, levelgen mode: deterministic

3224 Gargoyl the Schismatic (level 9, -1/74 HPs)
             Began as a Centaur Abyssal Knight on Sept 6, 2019.
             Was an Elder of Lugonu.
             Slain by Harold
             ... wielding a +0 vampiric halberd
              (11 damage)
             ... on level 8 of the Dungeon.
             The game lasted 00:12:13 (9006 turns).

Gargoyl the Schismatic (Centaur Abyssal Knight)     Turns: 9006, Time: 00:12:14

Health: -1/74      AC: 13    Str: 20    XL:     9   Next: 66%
Magic:  9/13       EV:  6    Int: 11    God:    Lugonu [****..]
Gold:   166        SH:  9    Dex: 10    Spells: 8/8 levels left

rFire    + . .     SeeInvis .   a - +1 hand axe
rCold    . . .     Gourm    .   b - +0 shield
rNeg     + . .     Faith    .   g - +2 pearl dragon scales
rPois    .         Spirit   .   f - +0 helmet
rElec    .         Reflect  .   (no cloak)
rCorr    .         Harm     .   (no gloves)
MR       .....                  (no barding)
Stlth    ..........             (no amulet)
HPRegen  0.22/turn              d - +3 ring of strength
MPRegen  0.13/turn              i - ring of protection from fire

@: marked, very quick
A: large, hooves 3, deformed body, speed 2, tough skin 3
a: Depart the Abyss, Bend Space, Banish, Corrupt, Renounce Religion


You were on level 8 of the Dungeon.
You worshipped Lugonu.
Lugonu was greatly pleased with you.
You were near starving.

You visited 1 branch of the dungeon, and saw 8 of its levels.
You visited the Abyss 1 time.

You collected 330 gold pieces.
You spent 164 gold pieces at shops.

Inventory:

Hand Weapons
 a - a +1 hand axe (weapon)
Missiles
 q - 13 boomerangs (quivered)
Armour
 b - a +0 shield (worn)
 f - a +0 helmet (worn)
 g - +2 pearl dragon scales (worn)
Jewellery
 d - a +3 ring of strength (left hand)
 i - a ring of protection from fire (right hand)
Wands
 e - a wand of clouds (3)
 m - a wand of random effects (9)
 o - a wand of acid (7)
Scrolls
 h - a scroll of identify
 p - 4 scrolls of remove curse
Potions
 j - 4 potions of curing
 k - 2 potions of heal wounds
 l - 2 potions of haste
 n - a potion of flight
 s - 4 potions of mutation {unknown}
 t - 2 potions of might {unknown}
Comestibles
 c - 15 rations


   Skills:
 + Level 5.0 Fighting
 + Level 6.0 Axes
 + Level 0.2 Throwing
 * Level 5.3 Armour
 + Level 2.4 Dodging
 * Level 4.6 Shields
 * Level 6.4 Invocations


You had 8 spell levels left.
You didn't know any spells.
Your spell library contained the following spells:

 Spells                   Type           Power        Failure   Level  Hunger
 Freeze                   Ice            #...         96%         1    ##.....
 Shock                    Conj/Air       #...         96%         1    ##.....
 Swiftness                Chrm/Air       #.......     99%         2    ###....
 Throw Frost              Conj/Ice       #.....       99%         2    ###....
 Ozocubu's Armour         Chrm/Ice       #.......     100%        3    ####...
 Static Discharge         Conj/Air       #.......     100%        3    ####...
 Airstrike                Air            #.........   100%        4    #####..
 Summon Ice Beast         Ice/Summ       #.......     100%        4    #####..
 Throw Icicle             Conj/Ice       #.......     100%        4    #####..
 Lightning Bolt           Conj/Air       #.........   100%        5    ######.


Dungeon Overview and Level Annotations

Branches:
Dungeon (8/15)             Temple (0/1) D:7
   Lair: D:8-11

Altars:
Cheibriados
Makhleb
Nemelex Xobeh
Sif Muna
The Shining One

Shops:
D:4 !   D:7 !

Annotations:
D:8 Harold


Innate Abilities, Weirdness & Mutations

You have hooves in place of feet.
Armour fits poorly on your strangely shaped body.
You cover ground very quickly.
You have extremely tough skin. (AC +3)


Message History

Harold gestures at you while chanting. The harpoon shot hits you.
* * * LOW HITPOINT WARNING * * *
You are yanked forward by the harpoon shot.
Unknown command.
Harold points at you and mumbles some strange words.
A sentinel's mark forms upon you.
Harold throws a throwing net.
The throwing net barely misses you.
You see here a throwing net.
Harold casts a spell at you. The harpoon shot hits you!
* * * LOW HITPOINT WARNING * * *
You are yanked forward by the harpoon shot.
Unknown command.
Press: ? - help, Shift-Dir - straight line, f - Harold
Aim: Harold, wielding a +0 vampiric halberd and wearing a +0 chain mail (chance to defeat MR: 54%) Harold resists with significant effort.
You feel somewhat more hungry.
You can no longer gate yourself to the Abyss.
Harold hits you with a +0 vampiric halberd!
You die...

#.#.##...
##############.#......
..........ยง)))........
##############.####.#
............##.# #.#
###########.##@# #.#
...# #<#.##.# #.# ##(#
#.#.##.####.# ...#
#...##.@@...# ##.#
###?#######(# ### ###
###


You could see Harold.

Vanquished Creatures
  Joseph (D:7)
  Grinder (D:5)
  A hungry ghost (D:8)
  Duvessa (D:7)
  5 sky beasts
  2 ice beasts
  An ogre (D:5)
  4 centaurs
  A bullfrog (D:6)
  Dowan (D:7)
  A water moccasin skeleton (D:7)
  4 wights (D:7)
  3 howler monkeys (D:7)
  2 crimson imps
  2 bullfrog skeletons
  2 jellies
  2 orc priests
  A centaur skeleton (D:7)
  A hound (D:3)
  Jessica (D:5)
  An iguana (D:8)
  6 orc wizards
  5 worker ants
  4 gnolls (D:7)
  A worker ant zombie (D:6)
  11 adders
  2 shadow imps (D:7)
  A white imp (D:4)
  An ooze (D:4)
  An adder zombie (D:6)
  An adder skeleton (D:6)
  4 worms
  A dart slug (D:3)
  6 leopard geckos
  22 orcs
  11 giant cockroaches
  6 goblins
  4 hobgoblins
  14 jackals
  12 kobolds
  2 quokkas
  6 bats
  13 frilled lizards
  A goblin zombie (D:4)
  4 hobgoblin zombies (D:4)
  2 kobold skeletons (D:4)
  A leopard gecko zombie (D:5)
  3 orc skeletons (D:4)
  2 orc zombies (D:4)
  8 rats
193 creatures vanquished.

Vanquished Creatures (others)
  2 crimson imps (D:7)
  Ijyb (D:3)
  An orc wizard (D:8)
4 creatures vanquished.

Grand Total: 197 creatures vanquished

Notes
Turn   | Place    | Note
-------+----------+-------------------------------------------
     0 | Abyss:1  | Gargoyl the Centaur Abyssal Knight began the quest for the
                  | Orb.
     0 | Abyss:1  | Reached XP level 1. HP: 19/19 MP: 2/2
    68 | Abyss:2  | Noticed a quasit
    69 | Abyss:2  | Noticed an ancient zyme
    74 | D:1      | Escaped the Abyss
   296 | D:1      | Reached * piety under Lugonu
   328 | D:1      | Reached XP level 2. HP: 24/26 MP: 3/3
   904 | D:2      | Reached XP level 3. HP: 28/31 MP: 4/4
   951 | D:2      | Reached skill level 1 in Dodging
  1183 | D:2      | Reached ** piety under Lugonu
  1227 | D:2      | Found a sparkling altar of Nemelex Xobeh.
  1657 | D:2      | Reached XP level 4. HP: 30/38 MP: 5/5
  1831 | D:3      | Noticed a sky beast
  1845 | D:3      | Killed a sky beast
  1845 | D:3      | Reached skill level 1 in Shields
  1845 | D:3      | Reached XP level 5. HP: 26/45 MP: 5/7
  2142 | D:3      | Found a burning altar of Makhleb.
  2569 | D:3      | Noticed Ijyb
  2588 | D:3      | Killed Ijyb
  2976 | D:3      | Reached XP level 6. HP: 46/52 MP: 8/8
  3140 | D:3      | Reached *** piety under Lugonu
  3513 | D:4      | Found Xenost's Distillery.
  3524 | D:4      | Bought a potion of heal wounds for 65 gold pieces
  3524 | D:4      | Bought a potion of curing for 39 gold pieces
  3578 | D:4      | Found a glowing golden altar of the Shining One.
  4030 | D:4      | Got an ancient hat
  4041 | D:4      | Identified the +1 hat of Niomad {Int+5} (You found it on
                  | level 4 of the Dungeon)
  4148 | D:4      | Reached **** piety under Lugonu
  4231 | D:5      | Entered Level 5 of the Dungeon
  4478 | D:5      | Noticed a sky beast
  4493 | D:5      | Killed a sky beast
  4493 | D:5      | Reached XP level 7. HP: 58/58 MP: 9/9
  4525 | D:5      | Noticed Grinder
  4525 | D:5      | Paralysed by Grinder for 6 turns
  4554 | D:5      | Killed Grinder
  5122 | D:5      | Noticed Jessica
  5131 | D:5      | Killed Jessica
  5138 | D:5      | Found a shimmering blue altar of Sif Muna.
  5292 | D:5      | Reached XP level 8. HP: 61/66 MP: 11/11
  6209 | D:6      | Reached skill level 5 in Invocations
  6492 | D:6      | Reached skill level 5 in Axes
  6979 | D:6      | Found a snail-covered altar of Cheibriados.
  7252 | D:7      | Found a staircase to the Ecumenical Temple.
  7293 | D:7      | Noticed Joseph
  7308 | D:7      | Killed Joseph
  7308 | D:7      | Reached ***** piety under Lugonu
  7308 | D:7      | Reached XP level 9. HP: 72/72 MP: 11/13
  7359 | D:7      | Found Lusogeups's Distillery.
  7367 | D:7      | Bought a potion of heal wounds for 60 gold pieces
  7449 | D:7      | Noticed Duvessa
  7449 | D:7      | Noticed Dowan
  7660 | D:7      | Killed Duvessa
  7674 | D:7      | Killed Dowan
  8207 | D:7      | Reached skill level 5 in Armour
  8910 | D:8      | Reached skill level 5 in Fighting
  8960 | D:8      | Noticed Harold
  8984 | D:8      | HP: 2/74 [Harold/harpoon shot (15)]
  9006 | D:8      | Slain by Harold

Levels and vault maps discovered:
D:1:      dpeg_arrival_line_fractal, layout_basic
D:2:      layout_rooms, overflow_temple_1_default
D:3:      layout_loops_cross, first_ration, grunt_ministairs_14,
          minmay_misc_feat_four_crosses, makhleb_blood_cavern_becter, uniq_ijyb
D:4:      layout_cave_pools, serial_shops, nicolae_shop_waterfront,
          nicolae_tso_besieged_by_evil
D:5:      layout_basic, tgw_sif, uniq_grinder
D:6:      layout_loops_corners, cheibrodos_worm_habitat
D:7:      layout_gridville, minmay_temple_entry_mist, serial_shops, shop,
          uniq_duvessa, uniq_joseph
D:8:      layout_basic, basic_altar, interstate_on_off,
          hangedman_little_slice_of_home, jmf_multi_god_temple2, uniq_harold

Skill      XL: |  1  2  3  4  5  6  7  8  9 |
---------------+----------------------------+-----
Axes           | 2 3 4 5 6 |  6.0
Dodging        | 1 2 |  2.4
Armour         | 2 3 4 5 |  5.3
Shields        | 1 2 3 4 |  4.6
Invocations    | 3 4 5 6 |  6.4
Fighting       | 4 5 |  5.0
Throwing       | |  0.2

Action                   |  1- 3 |  4- 6 |  7- 9 || total
-------------------------+-------+-------+-------++-------
Melee: Hand axe          |   145 |   259 |   444 ||   848
       Kick              |    21 |    60 |   103 ||   184
       Unarmed           |       |       |     4 ||     4
Throw: Boomerang         |       |       |     2 ||     2
Invok: Depart the Abyss  |     1 |       |       ||     1
       Bend Space        |       |     1 |     1 ||     2
       Banish            |       |       |     3 ||     3
  Use: Scroll            |     6 |     5 |     3 ||    14
       Potion            |       |     2 |     8 ||    10
  Eat: Chunk             |       |     5 |    11 ||    16
       Ration            |       |     1 |     1 ||     2
Armor: Chain mail        |   146 |    69 |       ||   215
       Pearl dragon scal |       |   134 |   236 ||   370
Dodge: Dodged            |    17 |    52 |   112 ||   181
Block: Shield            |    56 |   110 |   189 ||   355

Table legend:
 A = Non-vault XP
 B = Vault XP
 C = Vault XP percentage of total XP
 D = Non-vault monster count
 E = Vault monster count
 F = Vault count percentage of total count
                 A         B        C        D         E       F
            +---------+---------+-------+---------+---------+-------
      Total |    3544 |    1063 |  23.1 |     173 |      23 |  11.7
            +---------+---------+-------+---------+---------+-------
        D:1 |      36 |       0 |   0.0 |      25 |       0 |   0.0
        D:2 |      71 |       0 |   0.0 |      22 |       0 |   0.0
        D:3 |     322 |      50 |  13.4 |      35 |       4 |  10.3
        D:4 |     179 |      22 |  10.9 |      17 |      13 |  43.3
        D:5 |     717 |     323 |  31.1 |      19 |       2 |   9.5
        D:6 |     878 |       5 |   0.6 |      23 |       1 |   4.2
        D:7 |     934 |     663 |  41.5 |      25 |       3 |  10.7
        D:8 |     407 |       0 |   0.0 |       7 |       0 |   0.0
            +---------+---------+-------+---------+---------+-------
